 Dungeon Crawl Stone Soup version 0.25.0-11-g1f837a7 (webtiles) character file.

Game seed: 1207790863294518244

939 shmeve the Skirmisher (level 7, -2/64 HPs)
             Began as a Minotaur Berserker on June 24, 2020.
             Was a Priest of Trog.
             Killed by divine providence
             ... invoked by an orc priest
              (13 damage)
             ... on level 5 of the Dungeon.
             The game lasted 00:06:11 (3215 turns).

shmeve the Skirmisher (Minotaur Berserker)          Turns: 3215, Time: 00:06:12

Health: -2/64      AC:  9    Str: 22    XL:     7   Next: 87%
Magic:  6/6        EV:  9    Int:  5    God:    Trog [***...]
Gold:   220        SH:  0    Dex: 10    Spells: 6/6 levels left

rFire    . . .     SeeInvis .   a - +0 hand axe
rCold    . . .     Gourm    .   (no shield)
rNeg     . . .     Faith    .   e - +0 chain mail
rPois    .         Spirit   .   (helmet restricted)
rElec    .         Reflect  .   (no cloak)
rCorr    .         Harm     .   (no gloves)
MR       .....                  (no boots)
Stlth    ..........             (no amulet)
HPRegen  0.20/turn              (no ring)
MPRegen  0.10/turn              (no ring)

@: berserk cooldown, slowed, very slow
A: retaliatory headbutt, horns 2
a: Berserk, Trog's Hand, Renounce Religion


You were on level 5 of the Dungeon.
You worshipped Trog.
Trog was most pleased with you.
You were hungry.

You visited 1 branch of the dungeon, and saw 5 of its levels.

You collected 220 gold pieces.

Inventory:

Hand Weapons
 a - a +0 hand axe (weapon)
Armour
 e - a +0 chain mail (worn)
Jewellery
 i - an uncursed amulet of magic regeneration {unknown}
 m - an uncursed ring of wizardry {unknown}
 n - an uncursed ring of flight {unknown}
 t - a cursed -4 ring of dexterity {unknown}
 u - an uncursed ring of ice {unknown}
 x - an uncursed ring of ice {unknown}
Wands
 r - a wand of disintegration (9)
Scrolls
 b - a scroll of magic mapping {unknown}
 f - 4 scrolls of identify {unknown}
 g - 2 scrolls of fog {unknown}
 h - 2 scrolls of enchant weapon {unknown}
 j - a scroll of amnesia {unknown}
 l - a scroll of enchant armour {unknown}
 q - 4 scrolls of teleportation {unknown}
 v - 2 scrolls of immolation {unknown}
 w - 2 scrolls of remove curse {unknown}
Potions
 k - a potion of heal wounds {unknown}
 o - a potion of brilliance {unknown}
 p - 4 potions of curing {unknown}
 s - a potion of stabbing {unknown}
Comestibles
 c - 3 rations
 d - 6 chunks of flesh


   Skills:
 * Level 6.8 Fighting
 * Level 6.7 Axes
 + Level 3.2 Throwing
 + Level 4.6 Armour
 + Level 4.2 Dodging


You had 6 spell levels left.
You didn't know any spells.
Your spell library was empty.

Dungeon Overview and Level Annotations

Branches:
Dungeon (5/15)
 Temple: D:4-7

Altars:


Innate Abilities, Weirdness & Mutations

You reflexively headbutt those who attack you in melee.
You have a pair of horns on your head.


Message History

You see here an orc corpse.
You feel a strong urge to attack something.
A hound zombie comes into view.
The hound zombie moves out of view.
You are no longer berserk.
You are exhausted.
You feel yourself slow down.
The orc throws a boomerang.
The boomerang hits you but does no damage.
The weapon returns to the orc!
An orc comes into view. It is wielding a +0 club.
The orc hits you but does no damage.
The orc priest hits you but does no damage.
The orc hits you but does no damage.
You hit the orc priest.
The orc priest is heavily wounded.
You hit the orc.
A scorpion comes into view.
The orc priest mumbles some strange prayers to Beogh against you.
Beogh smites you!
You die...

#.......# #.......#
#### #.......#
.....
####.......##.....
........†..........
#####....†.........
#..............
##......##...#
#.....@# ..#
#......oooZ..#
#.......J....#
#............#
##......##...#
######## ...# ....
s...


You could see a scorpion (wandering), a jelly, an orc priest, 2 orcs and a hound
zombie.

Vanquished Creatures
  The ghost of LobsterGuardian the Slasher, an amateur DsMo (D:4)
  A sky beast (D:5)
  2 howler monkeys
  3 hounds
  An orc wizard (D:3)
  2 bullfrog skeletons
  A centaur skeleton (D:4)
  2 iguanas
  Natasha (thrice) (D:3)
  3 worker ants (D:4)
  4 gnolls (D:3)
  5 adders
  2 oozes
  A worm (D:3)
  13 orcs
  2 ball pythons
  11 bats
  8 giant cockroaches
  2 goblins (D:1)
  6 hobgoblins
  2 jackals (D:4)
  A quokka (D:5)
  2 frilled lizards (D:1)
  7 kobolds
  7 rats
92 creatures vanquished.

Notes
Turn   | Place    | Note
-------+----------+-------------------------------------------
     0 | D:1      | shmeve the Minotaur Berserker began the quest for the Orb.
     0 | D:1      | Reached XP level 1. HP: 19/19 MP: 0/0
   152 | D:1      | Reached XP level 2. HP: 23/27 MP: 1/1
   722 | D:2      | Reached ** piety under Trog
   792 | D:2      | Reached XP level 3. HP: 33/33 MP: 2/2
   804 | D:2      | Reached skill level 1 in Throwing
  1112 | D:3      | Reached XP level 4. HP: 41/41 MP: 3/3
  1516 | D:3      | Noticed Natasha
  1520 | D:3      | Reached XP level 5. HP: 28/47 MP: 4/4
  1529 | D:3      | Killed Natasha
  1529 | D:3      | Reached skill level 5 in Fighting
  1759 | D:3      | Reached skill level 5 in Axes
  1871 | D:3      | Noticed Natasha
  1884 | D:3      | Killed Natasha
  2060 | D:3      | Noticed Natasha
  2070 | D:3      | Killed Natasha
  2285 | D:4      | Reached XP level 6. HP: 51/56 MP: 5/5
  2423 | D:4      | Reached *** piety under Trog
  2431 | D:4      | Found a runed translucent gate.
  2431 | D:4      | Found a runed translucent gate.
  2435 | D:4      | Found a runed translucent gate.
  2438 | D:4      | Noticed LobsterGuardian's ghost (amateur DsMo)
  2448 | D:4      | Killed LobsterGuardian's ghost
  2448 | D:4      | Reached XP level 7. HP: 63/63 MP: 6/6
  3078 | D:5      | Entered Level 5 of the Dungeon
  3215 | D:5      | Killed from afar by an orc priest

Illustrated notes

Levels and vault maps discovered:
D:1:      dpeg_arrival_erosion, layout_basic
D:2:      layout_basic
D:3:      layout_loops_cross, gup_sewer_entry_bowl, uniq_natasha
D:4:      minmay_evil_eye, layout_basic, first_ration, ebering_ghost_rock_garden
D:5:      layout_gridville, temple_garden

Skill      XL: |  1  2  3  4  5  6  7 |
---------------+----------------------+-----
Axes           | 4 5 6 |  6.7
Fighting       | 4 5 6 |  6.8
Throwing       | 1 2 3 |  3.2
Armour         | 3 4 |  4.6
Dodging        | 3 4 |  4.2

Action                   |  1- 3 |  4- 6 |  7- 9 || total
-------------------------+-------+-------+-------++-------
Melee: Hand axe          |    64 |    96 |   110 ||   270
       Headbutt          |     6 |    16 |    19 ||    41
Invok: Berserk           |       |     2 |     1 ||     3
       Trog's Hand       |       |     1 |       ||     1
  Eat: Chunk             |     1 |     5 |     4 ||    10
Armor: Chain mail        |    37 |    57 |    60 ||   154
       Animal skin       |     2 |       |       ||     2
Dodge: Dodged            |    41 |    40 |    37 ||   118
